 Dungeon Crawl Stone Soup version 0.21.1-1-g345015f (webtiles) character file.

92 inmateoo the Magician (level 4, 0/33 HPs)
             Began as a Demigod Wizard on Mar 20, 2018.
             Slain by a gnoll
             ... wielding a +0 spear
              (10 damage)
             ... on level 2 of the Dungeon.
             The game lasted 00:04:35 (2104 turns).

inmateoo the Magician (Demigod Wizard)              Turns: 2104, Time: 00:04:35

Health: 0/33       AC:  2    Str: 10    XL:     4   Next: 13%
Magic:  2/12       EV: 12    Int: 24    God:
Gold:   81         SH:  0    Dex: 14    Spells: 5/10 levels left

rFire    + . .     SeeInvis .   p - +0 spear
rCold    . . .     Gourm    .   (no shield)
rNeg     . . .     Faith    .   a - +0 robe
rPois    .         Spirit   .   b - +0 hat
rElec    .         Reflect  .   (no cloak)
rCorr    .         Harm     .   (no gloves)
MR       +....                  (no boots)
Stlth    ++........             (no amulet)
HPRegen  0.11/turn              k - ring of protection from fire
MPRegen  0.13/turn              o - ring of protection from magic

@: no status effects
A: high mp 1
a: no special abilities


You were on level 2 of the Dungeon.
You were hungry.

You visited 1 branch of the dungeon, and saw 2 of its levels.

You collected 81 gold pieces.

Inventory:

Hand Weapons
 p - a +0 spear (weapon)
Armour
 a - a +0 robe (worn)
 b - a +0 hat (worn)
Jewellery
 k - a ring of protection from fire (left hand)
 o - a ring of protection from magic (right hand)
Scrolls
 l - a scroll of fog
 n - 2 scrolls of identify {unknown}
Potions
 e - a potion of agility {unknown}
 h - 4 potions of curing {unknown}
 i - 2 potions of ambrosia {unknown}
 j - a potion of haste {unknown}
 m - a potion of degeneration {unknown}
Books
 c - a book of Minor Magic

   Spells                             Type                      Level
   a - Magic Dart                     Conjuration                  1
   b - Blink                          Translocation                2
   c - Call Imp                       Summoning                    2
   d - Slow                           Hexes                        2
   e - Conjure Flame                  Conjuration/Fire             3
   f - Mephitic Cloud                 Conjuration/Poison/Air       3
Comestibles
 d - 2 rations


   Skills:
 - Level 2.0 Dodging
 - Level 2.0 Stealth
 + Level 3.9 Spellcasting
 - Level 2.0 Conjurations
 - Level 0.8 Summonings
 - Level 0.8 Translocations


You had 5 spell levels left.
You knew the following spells:

 Your Spells              Type           Power        Failure   Level  Hunger
a - Magic Dart            Conj           ##..         4%          1    None
b - Blink                 Tloc           N/A          11%         2    #......
c - Call Imp              Summ           #.......     11%         2    #......


Dungeon Overview and Level Annotations

Branches:
Dungeon (2/15)


Innate Abilities, Weirdness & Mutations

You have an increased reservoir of magic. (+10% MP)


Message History

Attack whom?
Press: ? - help, Dir - move target cursor, f/p - gnoll
Aim: a gnoll, wielding a spear (moderately wounded)
You could not reach far enough!
Your crimson imp barely misses the gnoll.
The gnoll barely misses you.
Attack whom?
Press: ? - help, Dir - move target cursor, f/p - gnoll
Aim: a gnoll, wielding a spear (moderately wounded)
You could not reach far enough!
Your crimson imp closely misses the gnoll.
The gnoll hits you from afar with a spear.
Attack whom?
Press: ? - help, Dir - move target cursor, f/p - gnoll
Aim: a gnoll, wielding a spear (moderately wounded)
You could not reach far enough!
Your crimson imp barely misses the gnoll.
Your white imp barely misses the gnoll.
The gnoll hits you from afar with a spear!
You die...

######### ######........
#....###.###.. #...##.....##.
#########...#.8...8.#.
#...........#.......#.
############..............._.....
g..........))).5.......#.......#.
############..g5@...####.8...8.#.
########.# ##.....##. #.# ###.###
#.# ... ########### #.# ....
..........# #.# .. ...........
... ....$.....# #.. #..#
..........# ## #..#


You could see a gnoll, a friendly crimson imp and a friendly white imp.

Vanquished Creatures
  2 adders (D:2)
  An ooze (D:1)
  2 dart slugs (D:1)
  A leopard gecko (D:2)
  3 giant cockroaches
  9 hobgoblins
  6 bats
  3 frilled lizards (D:1)
  6 goblins
  4 kobolds
  11 rats
48 creatures vanquished.

Vanquished Creatures (collateral kills)
  3 gnolls (D:2)
3 creatures vanquished.

Grand Total: 51 creatures vanquished

Notes
Turn   | Place    | Note
-------+----------+-------------------------------------------
     0 | D:1      | inmateoo the Demigod Wizard began the quest for the Orb.
     0 | D:1      | Reached XP level 1. HP: 14/14 MP: 6/6
    11 | D:1      | Reached skill level 1 in Conjurations
   264 | D:1      | Reached XP level 2. HP: 15/20 MP: 1/8
   688 | D:1      | Learned a level 2 spell: Blink
   691 | D:1      | Learned a level 2 spell: Call Imp
   831 | D:1      | Reached skill level 3 in Spellcasting
  1061 | D:1      | Reached XP level 3. HP: 21/26 MP: 3/10
  1932 | D:2      | Found an opulent altar of Gozag.
  2004 | D:2      | Found a faded altar of an unknown god.
  2093 | D:2      | Reached XP level 4. HP: 23/33 MP: 1/12
  2104 | D:2      | Slain by a gnoll

Skill      XL: |  1  2 |
---------------+-------+-----
Conjurations   | 1 2 |  2.0
Stealth        | 2 |  2.0
Dodging        | 2 |  2.0
Spellcasting   | 3 |  3.9
Summonings     | |  0.8
Translocations | |  0.8

Action                   |  1- 3 |  4- 6 || total
-------------------------+-------+-------++-------
Melee: Club              |     2 |       ||     2
       Unarmed           |     1 |       ||     1
       Mace              |    29 |       ||    29
       Spear             |    12 |     3 ||    15
 Cast: Magic Dart        |    83 |       ||    83
       Call Imp          |     8 |       ||     8
  Use: Scroll            |     2 |       ||     2
 Stab: Sleeping          |     4 |       ||     4
  Eat: Chunk             |     3 |       ||     3
Armor: Robe              |    23 |       ||    23
Dodge: Dodged            |    48 |     2 ||    50
